 Dungeon Crawl Stone Soup version 0.32-a0-30-gefbe487952 (webtiles) character file.

Game seed: 10316770842992564298

124 kae the Insei (level 4, -10/33 HPs)
             Began as a Demonspawn Shapeshifter on Jan 19, 2024.
             Killed by divine providence
             ... invoked by an orc priest
              (14 damage)
             ... on level 3 of the Dungeon.
             The game lasted 00:01:36 (2694 turns).

kae the Insei (Demonspawn Shapeshifter)             Turns: 2694, Time: 00:01:37

Health: -10/33     AC:  4    Str: 14    XL:     4   Next: 81%
Magic:  4/4        EV: 12    Int: 10    God:
Gold:   189        SH:  0    Dex: 15    Spells: 3/3 levels left

rFire   . .          .
                       - Unarmed
rCold   . . .        (no shield)
rNeg    . . .        a - +0 animal skin
rPois   .            (helmet currently unavailable)
rElec   .            (cloak currently unavailable)
rCorr   .            (gloves currently unavailable)
SInv    .            (boots currently unavailable)
Will    .....        (no amulet)
Stlth   +            (no ring)
HPRegen 0.25/turn    (no ring)
MPRegen 0.09/turn

%: no passive effects
@: beast-form
A: beast (slay +2), molten scales 1, foul stench 1
a: Begin Untransformation


You were on level 3 of the Dungeon.
You were a hulking beast.
You visited 1 branch of the dungeon, and saw 3 of its levels.

You collected 189 gold pieces.


Innate Abilities, Weirdness & Mutations

You are a hulking beast.
Your limbs bulge with bestial killing power. (Slay +2)
You are partially covered in molten scales. (AC +2)
You may rarely emit foul miasma when damaged in melee.


   Skills:
 + Level 2.1 Fighting
 - Level 1.7 Dodging
 * Level 3.8 Unarmed Combat
 * Level 3.6 Shapeshifting


You had 3 spell levels left.
You didn't know any spells.
Your spell library was empty.

Inventory:

Missiles
 f - 28 stones (quivered)
 g - 6 javelins
 k - 3 poisoned darts
Armour
 a - a +0 animal skin (worn)
Talismans
 c - a beast talisman
 d - a flux talisman
Scrolls
 n - a scroll of vulnerability {!r!r}
 p - a scroll of fog {unknown}
Potions
 b - 2 potions of lignification {!q}
 e - a potion of brilliance {unknown}
 h - 2 potions of mutation {unknown}
 i - a potion of enlightenment
 j - 2 potions of heal wounds {unknown}
 l - a potion of invisibility {unknown}
 m - a potion of haste {unknown}
 o - a potion of attraction {unknown}

Dungeon Overview and Level Annotations

Branches:
Dungeon (3/15) Zot: 15310

Altars:
Gozag
Hepliaklqana
Qazlal
Trog
Xom
Yredelemnul

####.#######......###.........###
#.##...........#_..รท..#....._#
#.##.........<.#....#...#....#
#.##..........[#..#.......#..#
#.##...........'.............#
#.#######.#)...'.............#
#.........#....#..#....)..#..#
###########....#....#...#....#
#..h.#_.....#....._#
###o####.........### #.#
###.....###.. #.# ###_#####.. #.#
# #.###...#..
#####.##.###.......#.#
#.........##.......#.#
#.........##.......#.#
#.........##..........


You could see an orc priest.


Message History

You start resting. ๐Ÿ˜Ž HP[+5]
Your hp is fully restored (33).
You climb downwards.
The orc closely misses you. The orc hits you with a +0 war axe.
You emit a cloud of foul miasma!
The orc wizard gestures at you while chanting.
The puff of flame hits you.
There is a stone staircase leading up here. ๐Ÿ˜• HP[-7]
You take 7 damage, and now have 26/33 hp.
MASSIVE DAMAGE!! (PAUSE)
You hit the orc wizard.
The orc is engulfed in dark miasma.
The orc is poisoned.
You kill the orc!
The orc wizard gestures at you while chanting.
You resist with some effort. ๐Ÿ˜• HP[+1] Unknown command.
You hit the orc wizard. The orc wizard barely misses you.
You miss the orc wizard. You barely miss the orc wizard.
The orc wizard hits you but does no damage.
You hit the orc wizard.
The orc wizard hits you with a +0 dagger. ๐Ÿ˜• HP[-2]
You take 2 damage, and now have 25/33 hp.
The orc wizard barely misses you.
You climb upwards.
There is a stone staircase leading down here.
Unknown command. ๐Ÿ˜• HP[+1]
You hit the orc wizard.
The orc wizard points at you and mumbles some strange words.
The magic dart hits you.
You are too injured to fight recklessly! ๐Ÿ˜ฎ HP[-3]
You take 3 damage, and now have 23/33 hp.
You are too injured to fight recklessly!
You are too injured to fight recklessly!
You completely miss the orc wizard.
The orc wizard hits you with a +0 dagger.
You hit the orc wizard.
You kill the orc wizard!
Things that are here:
a +0 dagger; a +0 robe; an orc corpse You start resting. ๐Ÿ˜• HP[+5]
You regained 5 hp, and now have 28/33 hp.
There is a stone staircase leading down here.
You climb downwards.
The orc priest calls down the wrath of Beogh upon you.
Beogh smites you!
* * * LOW HITPOINT WARNING * * *
There is a stone staircase leading up here. ๐Ÿ˜จ HP[-13]
You take 13 damage, and now have 15/33 hp.
MASSIVE DAMAGE!! (PAUSE)
You climb upwards.
There is a stone staircase leading down here.
Unknown command. ๐Ÿ˜จ HP[+1]
You start resting. ๐Ÿ˜• HP[+12]
You regained 12 hp, and now have 28/33 hp.
You start resting. ๐Ÿ˜Ž HP[+5]
Your hp is fully restored (33).
You climb downwards.
There is a stone staircase leading up here.
No target in view!
No target in view!
You start waiting.
An orc priest is nearby!
The orc priest begins to cast a cantrip, but forgets the words!
The orc priest hits you with a +0 club. ๐Ÿ˜• HP[-5]
You take 5 damage, and now have 28/33 hp.
You closely miss the orc priest.
The orc priest invokes the aid of Beogh against you.
Beogh smites you!
* * * LOW HITPOINT WARNING * * *
You are too injured to fight recklessly! ๐Ÿ˜จ HP[-14]
You take 14 damage, and now have 14/33 hp.
MASSIVE DAMAGE!! (PAUSE)
You closely miss the orc priest. The orc priest misses you. ๐Ÿ˜จ HP[+1]
You hit the orc priest.
The orc priest mumbles some strange prayers to Beogh against you.
Beogh smites you!
* * * LOW HITPOINT WARNING * * *
๐Ÿ˜ฑ HP[-11]
You take 11 damage, and now have 4/33 hp.
MASSIVE DAMAGE!! (PAUSE)
You closely miss the orc priest.
The orc priest hits you but does no damage.
You punch the orc priest!
The orc priest invokes the aid of Beogh against you.
Beogh smites you!
You die...

Skill      XL: |  1  2  3  4 |
---------------+-------------+-----
Unarmed Combat | 3 |  3.8
Shapeshifting  | 3 |  3.6
Fighting       | 2 |  2.1
Dodging        | |  1.7

Action                     |  1- 3 |  4- 6 || total
---------------------------+-------+-------++-------
  Melee: Unarmed           |   102 |    46 ||   148
         Punch             |     4 |       ||     4
    Use: Scroll            |     2 |       ||     2
   Stab: Sleeping          |     2 |       ||     2
 Armour: Animal skin       |    50 |    25 ||    75
  Dodge: Dodged            |    55 |    22 ||    77

Levels and vault maps discovered:
D:1:      minmay_arrival_glassed_features, layout_basic,
          shapermc_ecumenical_altar_mp_ritualfount, grunt_decor_one_mirror
D:2:      layout_loops_ring
D:3:      minmay_wonky_spiral, layout_basic, dreamdust_divine_triumvirate,
          minmay_overflow_temple_hex, interstate_on_off

Notes
Turn   | Place    | Note
-------+----------+-------------------------------------------
     0 | D:1      | kae the Demonspawn Shapeshifter began the quest for the
                  | Orb.
     0 | D:1      | Reached XP level 1. HP: 15/15 MP: 1/1
     0 | D:1      | magus.rc [v1.11.3]
   113 | D:1      | Gained mutation: You are partially covered in molten
                  | scales. (AC +2) [demonic ancestry]
   113 | D:1      | Reached XP level 2. HP: 14/21 MP: 2/2
   125 | D:1      | Reached skill level 3 in Unarmed Combat
   191 | D:1      | Found a faded altar of an unknown god.
   213 | D:1      | Reached skill level 3 in Shapeshifting
   966 | D:2      | HP: 5/21 [ribbon worm (7)]
   967 | D:2      | HP: 2/21 [ribbon worm (4)]
  1233 | D:2      | Gained mutation: You may rarely emit foul miasma when
                  | damaged in melee. [demonic ancestry]
  1233 | D:2      | Reached XP level 3. HP: 24/26 MP: 3/3
  1643 | D:3      | Reached XP level 4. HP: 15/33 MP: 4/4
  2408 | D:3      | Found a basalt altar of Yredelemnul.
  2408 | D:3      | Found a stormy altar of Qazlal.
  2408 | D:3      | Found a bloodstained altar of Trog.
  2408 | D:3      | Found an opulent altar of Gozag.
  2421 | D:3      | Reached skill level 2 in Fighting
  2436 | D:3      | Found a shimmering altar of Xom.
  2441 | D:3      | Found a hazy altar of Hepliaklqana.
  2471 | D:3      | HP: 8/33 [orc/+0 war axe (6)]
  2692 | D:3      | HP: 4/33 [orc priest/divine providence (11)]
  2694 | D:3      | Killed from afar by an orc priest

Vanquished Creatures
  A sleepcap (D:3)
  An orc wizard (D:2)
  2 adders (D:3)
  2 dart slugs (D:3)
  2 ribbon worms
  2 orcs (D:3)
  4 endoplasms
  A giant cockroach (D:1)
  5 goblins
  8 hobgoblins
  3 quokkas
  A ball python (D:1)
  4 bats
  3 frilled lizards
  3 kobolds
  5 rats
47 creatures vanquished.

Table legend:
 A = Non-vault XP
 B = Vault XP
 C = Vault XP percentage of total XP
 D = Non-vault monster count
 E = Vault monster count
 F = Vault count percentage of total count
                 A         B        C        D         E       F
            +---------+---------+-------+---------+---------+-------
      Total |     140 |      38 |  21.3 |      45 |       2 |   4.3
            +---------+---------+-------+---------+---------+-------
        D:1 |      27 |       0 |   0.0 |      18 |       0 |   0.0
        D:2 |      52 |       0 |   0.0 |      11 |       0 |   0.0
        D:3 |      61 |      38 |  38.4 |      16 |       2 |  11.1
            +---------+---------+-------+---------+---------+-------

Skill      XL: |  1  2  3  4 |
---------------+-------------+-----
Unarmed Combat | 3 |  3.8
Shapeshifting  | 3 |  3.6
Fighting       | 2 |  2.1
Dodging        | |  1.7

Action                     |  1- 3 |  4- 6 || total
---------------------------+-------+-------++-------
  Melee: Unarmed           |   102 |    46 ||   148
         Punch             |     4 |       ||     4
    Use: Scroll            |     2 |       ||     2
   Stab: Sleeping          |     2 |       ||     2
 Armour: Animal skin       |    50 |    25 ||    75
  Dodge: Dodged            |    55 |    22 ||    77

Illustrated notes

Table legend:
 A = Kills in this place as a percentage of kills in the entire game.
 B = Kills by you in this place as a percentage of kills by you in the entire game.
 C = Kills by friends in this place as a percentage of kills by friends in the entire game.
 D = Other kills in this place as a percentage of other kills in the entire game.
 E = Experience gained in this place as a percentage of experience gained in the entire game.
 F = Experience gained in this place divided by the number of levels of this place that you have seen.
                   A       B       C       D       E      F
               +-------+-------+-------+-------+-------+----------------------
         Total | 100.0 | 100.0 |   N/A |   N/A | 100.0 |  59.3
       Dungeon | 100.0 | 100.0 |   N/A |   N/A | 100.0 |  59.3
               +-------+-------+-------+-------+-------+----------------------

Table legend: (Time is in decaauts)
 A = Elapsed time spent in this place.
 B = Non-inter-level travel time spent in this place.
 C = Inter-level travel time spent in this place.
 D = Time resting spent in this place.
 E = Time spent auto-exploring this place.
 F = Levels seen in this place.
 G = Mean time per level.
                   A        B        C        D        E       F      G
               +--------+--------+--------+--------+--------+-----+--------+
         Total |   2688 |   2588 |    100 |    395 |   1832 |   3 |  896.0 |
       Dungeon |   2688 |   2588 |    100 |    395 |   1832 |   3 |  896.0 |
               +--------+--------+--------+--------+--------+-----+--------+

Top non-repeatable levels by time:
     D:3: 1034 daAuts
     D:2: 921 daAuts
     D:1: 732 daAuts
